 Dungeon Crawl Stone Soup version 0.18-a0-1784-ga939a68 (webtiles) character file.

1075 Yawgmoth the Magician (level 8, -2/46 HPs)
             Began as an Octopode Wizard on Apr 18, 2016.
             Slain by a centaur (5 damage)
             ... on level 5 of the Dungeon.
             The game lasted 00:39:45 (8515 turns).

Yawgmoth the Magician (Octopode Wizard)             Turns: 8515, Time: 00:39:46

Health: -2/46      AC:  2    Str:  7    XL:     8   Next: 29%
Magic:  0/17       EV: 10    Int: 21    God:
Gold:   259        SH:  9    Dex: 11    Spells: 4 memorised, 11 levels left

rFire  + . .     SeeInvis .     d - -3 trident (curse)
rCold  x . .     Gourm    .     z - +0 shield
rNeg   . . .     Faith    .     a - +1 hat
rPois  .         Spirit   .     (no amulet)
rElec  .         Dismiss  .     g - ring of fire {rF+, rC-}
rCorr  .         Reflect  .     (no ring)
SustAt .         Harm     .     (no ring)
MR     .....                    (no ring)
Stlth  +++.......               (no ring)
                                (no ring)
                                (no ring)
                                (no ring)

@: about to teleport, very slightly contaminated, repel missiles, not resistant
to hostile enchantments, fairly stealthy
A: almost no armour, amphibious, 8 rings, constrict 8, camouflage 1, gelatinous
body 1
a: no special abilities


You were on level 5 of the Dungeon.
You were not hungry.

You visited 1 branch of the dungeon, and saw 5 of its levels.

You collected 259 gold pieces.

Inventory:

Hand Weapons
 d - a cursed -3 trident (weapon)
   (You found it on level 4 of the Dungeon)
 e - a +2 hand axe of venom
   (You took it off an orc on level 4 of the Dungeon)
 k - a +0 spear
   (You took it off a gnoll on level 4 of the Dungeon)
 l - a +0 battleaxe
   (You took it off an orc on level 5 of the Dungeon)
 m - a +0 dagger of venom
   (You found it on level 2 of the Dungeon)
 n - a +0 hunting sling
   (You took it off a goblin on level 2 of the Dungeon)
 u - a +0 halberd
   (You took it off a gnoll on level 4 of the Dungeon)
 y - a +0 spear
   (You took it off a gnoll on level 3 of the Dungeon)
Missiles
 o - 133 stones (quivered)
 w - 5 tomahawks
Armour
 a - a +1 hat (worn)
 z - a +0 shield (worn)
   (You took it off an orc on level 3 of the Dungeon)
Jewellery
 g - a ring of fire (left tentacle) {rF+, rC-}
   (You found it on level 1 of the Dungeon)
Scrolls
 h - a scroll of identify
 p - 2 scrolls of enchant armour
Potions
 f - a potion of cure mutation {unknown}
 i - a potion of magic {unknown}
 j - a potion of curing {unknown}
 q - 2 potions of haste {unknown}
 r - 3 potions of ambrosia
 s - 2 potions of heal wounds {unknown}
Books
 b - a book of Minor Magic
Comestibles
 c - 5 bread rations {@e1}


   Skills:
 - Level 2.0 Dodging
 - Level 2.8 Stealth
 + Level 6.2 Shields
 + Level 6.2 Spellcasting
 - Level 3.6 Conjurations
   Level 1.0 Summonings
 - Level 1.0 Translocations


You had 11 spell levels left.
You knew the following spells:

 Your Spells              Type           Power        Failure   Level  Hunger
a - Magic Dart            Conj           ###.         10%         1    None
b - Blink                 Tloc           N/A          30%         2    None
d - Repel Missiles        Chrm/Air       #.....       45%         2    None
x - Mephitic Cloud        Conj/Pois/Air  ##......     63%         3    #......


Dungeon Overview and Level Annotations

Branches:
Dungeon (5/15)
 Temple: D:4-7

Altars:
Ru
Xom
The Shining One

Shops:
D:4 %


Innate Abilities, Weirdness & Mutations

You cannot wear most types of armour.
You are amphibious.
You can wear up to eight rings at the same time.
You can use your tentacles to constrict eight enemies at once.
Your skin changes colour to match your surroundings (Stealth).
Your rubbery body absorbs attacks (AC +1).


Message History

Things that are here:
a chain mail; 4 chunks of flesh {@w0}; an orc skeleton
Okay, then.
Aim: an orc, wielding a trident and wearing a leather armour The magic dart hits the orc.
You kill the orc!
The orc shouts!
You now have 16/17 mp.
Aim: an orc, wielding a flail The magic dart hits the orc.
An orc comes into view. It is wielding a trident.
You now have 15/17 mp.
Aim: an orc, wielding a flail (heavily wounded)
You miscast Magic Dart.
You are very lightly contaminated with residual magic.
Nothing appears to happen.
The orc shouts!
The centaur shouts!
A giant newt comes into view.
You now have 14/17 mp.
Aim: an orc, wielding a flail (heavily wounded)
The magic dart hits the orc.
You kill the orc!
You now have 13/17 mp.
Aim: an orc, wielding a trident and wearing a chain mail The magic dart hits the orc.
You now have 12/17 mp.
Aim: an orc, wielding a trident and wearing a chain mail The magic dart hits the orc.
You block the orc's attack.
You now have 11/17 mp.
Aim: an orc, wielding a trident and wearing a chain mail (lightly wounded)
The magic dart hits the orc.
The centaur wields a shortbow.
The centaur shoots an arrow.
The arrow barely misses you.
The orc hits you from afar with a trident!
You take 9 damage, and have 37/46 hp.
The centaur shoots an arrow.
You block the arrow.
You see here an arrow.
Aim: an orc, wielding a trident and wearing a chain mail (lightly wounded)
The magic dart hits the orc.
You block the orc's attack.
You now have 10/17 mp.
Aim: an orc, wielding a trident and wearing a chain mail (lightly wounded)
You miscast Magic Dart.
You feel a strange surge of energy! You block the orc's attack.
A worker ant comes into view.
You now have 9/17 mp.
Aim: an orc, wielding a trident and wearing a chain mail (lightly wounded)
The magic dart hits the orc.
The worker ant twitches its antennae in your direction.
You block the orc's attack.
You now have 8/17 mp.
Aim: an orc, wielding a trident and wearing a chain mail (severely wounded)
The magic dart hits the orc.
The orc misses you.
You now have 7/17 mp.
Aim: an orc, wielding a trident and wearing a chain mail (severely wounded)
The magic dart hits the orc.
You kill the orc!
Aim: a centaur, wielding a shortbow You miscast Magic Dart.
The air around you crackles with energy!
The centaur shoots an arrow.
The arrow closely misses you.
The centaur shoots an arrow.
The arrow hits you!
You take 8 damage, and have 30/46 hp.
You now have 6/17 mp.
Aim: a centaur, wielding a shortbow The magic dart hits the centaur.
The centaur shoots an arrow.
The arrow misses you.
You now have 5/17 mp.
Aim: a centaur, wielding a shortbow (lightly wounded)
The magic dart hits the centaur.
The centaur shoots an arrow.
The arrow barely misses you.
You now have 4/17 mp.
Aim: a centaur, wielding a shortbow (moderately wounded)
The magic dart hits the centaur.
The centaur shoots an arrow.
The arrow hits you!
You take 14 damage, and have 17/46 hp.
MASSIVE DAMAGE!!
You now have 3/17 mp.
Aim: a centaur, wielding a shortbow (heavily wounded)
The magic dart hits the centaur.
The centaur unwields an uncursed shortbow.
You block the centaur's attack.
You now have 2/17 mp.
Aim: a centaur (severely wounded)
The magic dart hits the centaur.
The centaur hits you.
You take 2 damage, and have 15/46 hp.
You now have 1/17 mp.
Aim: a centaur (severely wounded)
The magic dart hits the centaur.
The centaur hits you!
* * * LOW HITPOINT WARNING * * *
You block the centaur's attack.
You take 9 damage, and have 6/46 hp.
Read which item? (? for menu, Esc to quit)
As you read the scroll of teleportation, it crumbles to dust.
You feel strangely unstable. You block the centaur's attack.
You hit the centaur. The centaur hits you.
* * * LOW HITPOINT WARNING * * *
You block the centaur's attack.
You take 3 damage, and have 3/46 hp.
Aim: a centaur (almost dead)
The magic dart hits the centaur.
You block the centaur's attack. The centaur hits you.
You die...

..####.# #####...#####
*,,,,,, ..# #.# #...#
****,** ### #รท# #...#
*,* #.# #...# *,* #.#
###.## *,* ## #.#
#(..########***,*
.#####.#
#######...........,**,**
..<....#
#.......#####.####>**,,,
########
#.#####@#****,****,*****
*,****#c#*,,,,,,,*,*****
*,,,,*#l#*,**,**,,,,,,,,
#......a.......,,,,****,
#..#.##)##.####*,,*****,
***,Z.,,..#*,# *,,,,,**,
*,...,,,...,,***
**,**,**,
*,..,,,#...,,,,*
*,,,,,,,
*,.,,,,#...,,,,*
*,,,,***


You could see a centaur, a worker ant and a giant newt.

Vanquished Creatures
  3 ogres (D:4)
  2 scorpions (D:4)
  A howler monkey (D:4)
  A crimson imp (D:4)
  A giant frog zombie (D:5)
  3 hounds
  An orc priest (D:4)
  2 orc wizards (D:4)
  Jessica (D:3)
  4 worker ants
  8 gnolls
  10 adders
  2 oozes
  2 dart slugs
  3 worms
  4 giant geckos
  25 orcs
  8 bats
  6 giant cockroaches
  12 goblins
  7 hobgoblins
  3 quokkas (D:2)
  3 ball pythons
  A giant gecko skeleton (D:4)
  7 giant newts
  2 jackal skeletons (D:4)
  3 kobolds
  A quokka skeleton (D:5)
  12 rats
  A fungus (D:3)
139 creatures vanquished.

Notes
Turn   | Place    | Note
--------------------------------------------------------------
     0 | D:1      | Yawgmoth the Octopode Wizard began the quest for the Orb.
     0 | D:1      | Reached XP level 1. HP: 11/11 MP: 4/4
   291 | D:1      | Reached XP level 2. HP: 17/17 MP: 3/6
   967 | D:1      | Reached skill level 2 in Conjurations
  1103 | D:2      | Reached XP level 3. HP: 21/21 MP: 3/7
  1618 | D:2      | Learned a level 2 spell: Blink
  1621 | D:2      | Learned a level 2 spell: Repel Missiles
  1912 | D:2      | Reached XP level 4. HP: 27/27 MP: 5/9
  2123 | D:2      | Reached skill level 4 in Spellcasting
  2414 | D:3      | Noticed Jessica
  2420 | D:3      | Killed Jessica
  2420 | D:3      | Reached skill level 3 in Conjurations
  2824 | D:3      | Reached XP level 5. HP: 31/31 MP: 3/11
  3205 | D:3      | Found a sacrificial altar of Ru.
  4035 | D:3      | Found a shimmering altar of Xom.
  4611 | D:3      | HP: 2/31 [orc/falchion (10)]
  4862 | D:3      | Reached XP level 6. HP: 31/36 MP: 11/13
  5029 | D:4      | Reached skill level 1 in Shields
  5208 | D:4      | Reached skill level 2 in Shields
  5280 | D:4      | Reached skill level 3 in Shields
  5624 | D:4      | Reached skill level 4 in Shields
  5624 | D:4      | Reached XP level 7. HP: 38/41 MP: 6/14
  5888 | D:4      | Found Qycukk's Food Shop.
  6026 | D:4      | Reached skill level 5 in Spellcasting
  6162 | D:4      | Learned a level 3 spell: Mephitic Cloud
  6669 | D:4      | Reached skill level 5 in Shields
  6803 | D:4      | Reached XP level 8. HP: 46/46 MP: 6/16
  7535 | D:5      | Entered Level 5 of the Dungeon
  7667 | D:5      | Found a glowing golden altar of the Shining One.
  7729 | D:5      | Reached skill level 6 in Shields
  7729 | D:5      | Reached skill level 6 in Spellcasting
  8512 | D:5      | HP: 6/46 [centaur (9)]
  8515 | D:5      | Slain by a centaur

Vault maps used:
D:1:      dpeg_arrival_simpleton_b
D:2:      first_bread, kennysheep_generic_room_5
D:3:      nicolae_ru_path_of_blood, tgw_xom, kennysheep_nondescript,
          grunt_decor_fettered, minmay_gold_behind_fungi, uniq_jessica
D:4:      serial_shops, nicolae_shop_waterfront, hangedman_minor_gate_pass
D:5:      tso_metal_star

Skill      XL: |  1  2  3  4  5  6  7  8 |
---------------+-------------------------+-----
Conjurations   | 2 3 |  3.6
Spellcasting   | 4 5 6 |  6.2
Shields        | 4 5 6 |  6.2
Dodging        | |  2.0
Stealth        | |  2.8
Summonings     | |  1.0
Translocations | |  1.0

Action                   |  1- 3 |  4- 6 |  7- 9 || total
-------------------------+-------+-------+-------++-------
Melee: Unarmed           |     3 |       |       ||     3
       Constrict         |     1 |     8 |     6 ||    15
       Tentacles         |     1 |     4 |     1 ||     6
       Dagger            |     2 |    23 |       ||    25
       Trident           |       |     4 |    15 ||    19
 Fire: Hunting sling     |       |     4 |       ||     4
 Cast: Magic Dart        |    94 |   216 |   182 ||   492
       Repel Missiles    |     1 |     3 |       ||     4
       Blink             |       |     1 |       ||     1
  Use: Scroll            |       |     9 |     2 ||    11
  Eat: Chunk             |     3 |    10 |     5 ||    18
       Fruit             |       |     1 |       ||     1
       Beef jerky        |       |       |     2 ||     2
       Bread ration      |       |       |     1 ||     1
Armor: Skin              |     2 |     3 |     4 ||     9
Dodge: Dodged            |     8 |    29 |    29 ||    66
       Deflected         |       |     3 |       ||     3
Block: Shield            |       |       |    30 ||    30

Vault maps used:
D:1:      dpeg_arrival_simpleton_b
D:2:      first_bread, kennysheep_generic_room_5
D:3:      nicolae_ru_path_of_blood, tgw_xom, kennysheep_nondescript,
          grunt_decor_fettered, minmay_gold_behind_fungi, uniq_jessica
D:4:      serial_shops, nicolae_shop_waterfront, hangedman_minor_gate_pass
D:5:      tso_metal_star

Table legend:
 A = Turns spent in this place as a percentage of turns spent in the entire game.
 B = Non-inter-level travel turns spent in this place as a percentage of non-inter-level travel turns spent in the entire game.
 C = Inter-level travel turns spent in this place as a percentage of turns spent in this place.
 D = Turns resting spent in this place as a percentage of non-inter-level travel turns spent in this place.
 E = Turns spent auto-exploring this place as a percentage of non-inter-level travel turns spent in this place.
 F = Non-inter-level travel turns spent in this place divided by the number of levels of this place that you've seen.
                   A       B       C       D       E      F
               +-------+-------+-------+-------+-------+----------------------
         Total | 100.0 | 100.0 |   0.4 |  10.9 |   5.2 | 414.4
       Dungeon | 100.0 | 100.0 |   0.4 |  10.9 |   5.2 | 414.4
               +-------+-------+-------+-------+-------+----------------------

Table legend:
 A = Kills in this place as a percentage of kills in entire the game.
 B = Kills by you in this place as a percentage of kills by you in the entire game.
 C = Kills by friends in this place as a percentage of kills by friends in the entire game.
 D = Other kills in this place as a percentage of other kills in the entire game.
 E = Experience gained in this place as a percentage of experience gained in the entire game.
 F = Experience gained in this place divided by the number of levels of this place that you have seen.
                   A       B       C       D       E      F
               +-------+-------+-------+-------+-------+----------------------
         Total | 100.0 | 100.0 |  -nan |  -nan | 100.0 | 307.2
       Dungeon | 100.0 | 100.0 |  -nan |  -nan | 100.0 | 307.2
               +-------+-------+-------+-------+-------+----------------------
